 Dungeon Crawl Stone Soup version 0.30-a0-4-ga7cffc901d (webtiles) character file.

Game seed: 2473549611151187008

21 frimble the Digger (level 2, 0/19 HPs)
             Began as a Demonspawn Earth Elementalist on Aug 20, 2022.
             Slain by an adder (4 damage)
             ... on level 2 of the Dungeon.
             The game lasted 00:00:59 (1669 turns).

frimble the Digger (Demonspawn Earth Elementalist)  Turns: 1669, Time: 00:01:00

Health: 0/19       AC:  2    Str:  8    XL:     2   Next: 62%
Magic:  4/5        EV: 12    Int: 16    God:
Gold:   33         SH:  0    Dex: 13    Spells: 4/5 levels left

rFire   . . .      SeeInvis .    (no weapon)
rCold   . . .      Faith    .    (no shield)
rNeg    . . .      Spirit   .    a - +0 robe
rPois   .          Reflect  .    (no helmet)
rElec   .          Harm     .    (no cloak)
rCorr   .          Rampage  .    (no gloves)
Will    .....                    (no boots)
Stlth   ++........               (no amulet)
HPRegen 0.06/turn                (no ring)
MPRegen 0.09/turn                (no ring)

@: no status effects
A: hooves 1
a: no special abilities


You were on level 2 of the Dungeon.
You visited 1 branch of the dungeon, and saw 2 of its levels.

You collected 33 gold pieces.

Inventory:

Armour
 a - a +0 robe (worn)
Scrolls
 c - a scroll of fear


   Skills:
 - Level 2.0 Dodging
 - Level 2.0 Stealth
 - Level 2.1 Spellcasting
 + Level 1.4 Transmutations
 + Level 3.0 Earth Magic


You had 4 spell levels left.
You knew the following spells:

 Your Spells              Type           Power      Damage    Failure   Level
a - Sandblast             Erth           22%        2d7       6%          1

Your spell library contained the following spells:

 Spells                   Type           Power      Damage    Failure   Level
 Passwall                 Tmut/Erth      6%         N/A       13%         2
 Stone Arrow              Conj/Erth      12%        3d7       32%         3
 Petrify                  Tmut/Erth      8%         N/A       63%         4


Dungeon Overview and Level Annotations

Branches:
Dungeon (2/15)

Altars:


Innate Abilities, Weirdness & Mutations

You have large cloven feet.


Message History

You miscast Sandblast.
You are very lightly contaminated with residual magic.
Nothing appears to happen.
The adder bites you.
You are poisoned.
The adder poisons you!
You feel sick. The adder closely misses you.
Aiming: Sandblast (safe; 6% risk of failure)
Press: ? - help, Q - select action Shift-Dir - straight line, f/p - adder
Aim: an adder (lightly wounded, 70% to hit)
The blast of sand misses the adder.
The blast of sand hits the quokka.
The quokka is moderately wounded.
You feel sick. The adder barely misses you. The adder bites you.
Aiming: Sandblast (safe; 6% risk of failure)
Press: ? - help, Q - select action Shift-Dir - straight line, f/p - adder
Aim: an adder (lightly wounded, 70% to hit)
The blast of sand misses the adder.
The blast of sand hits the quokka.
The quokka is heavily wounded.
You feel sick. The adder closely misses you.
Aiming: Sandblast (safe; 6% risk of failure)
Press: ? - help, Q - select action Shift-Dir - straight line, f/p - adder
Aim: an adder (lightly wounded, 70% to hit)
The blast of sand misses the adder.
The blast of sand hits the quokka.
You kill the quokka!
You feel sick. The adder bites you.
* * * LOW HITPOINT WARNING * * *
The adder closely misses you.
Your Earth Magic skill increases to level 3!
You don't have enough magic to cast this spell.
You don't have enough magic to cast this spell.
Magic courses through your body.
You feel sick.
You are no longer poisoned.
The adder bites you but does no damage. The adder closely misses you.
Your magical contamination has completely faded away.
Aiming: Sandblast (safe; 6% risk of failure)
Press: ? - help, Q - select action Shift-Dir - straight line, f/p - adder
Aim: an adder (lightly wounded, 70% to hit)
The blast of sand misses the adder.
The adder closely misses you. The adder bites you.
You die...

##### ##... ##
###...##..
!...... #...#
#S# ###### #@#
#..... #.#
#.####
#.#######.# #
#.......... #
#.<######.# #
#..# # #.###[.#
#
#......######.#
#
#####.........#
#


You could see an adder.

Vanquished Creatures
  A worm (D:2)
  A dart slug (D:1)
  2 endoplasms (D:1)
  A giant cockroach (D:1)
  A goblin (D:1)
  A hobgoblin (D:1)
  2 quokkas
  A ball python (D:1)
  A bat (D:1)
  2 frilled lizards
  3 rats (D:1)
16 creatures vanquished.

Notes
Turn   | Place    | Note
-------+----------+-------------------------------------------
     0 | D:1      | frimble the Demonspawn Earth Elementalist began the quest
                  | for the Orb.
     0 | D:1      | Reached XP level 1. HP: 13/13 MP: 3/3
   343 | D:1      | Reached skill level 1 in Transmutations
   550 | D:1      | Noticed a great orb of eyes
   552 | D:1      | Found a faded altar of an unknown god.
   556 | D:1      | Noticed an eye of devastation
   556 | D:1      | Noticed a floating eye
   556 | D:1      | Noticed a shining eye
   609 | D:1      | Gained mutation: You have large cloven feet. [demonic
                  | ancestry]
   609 | D:1      | Reached XP level 2. HP: 19/19 MP: 3/5
  1668 | D:2      | Reached skill level 3 in Earth Magic
  1669 | D:2      | Slain by an adder

Illustrated notes

Levels and vault maps discovered:
D:1:      nzn_arrival_settlement, layout_basic,
          hellmonk_ecumenical_altar_watching_god, roderic_lattice_a
D:2:      layout_loops_ring

Skill      XL: |  1  2 |
---------------+-------+-----
Transmutations | 1 |  1.4
Stealth        | 2 |  2.0
Dodging        | 2 |  2.0
Earth Magic    | 3 |  3.0
Spellcasting   | |  2.1

Action                   || total
-------------------------++-------
Melee: Unarmed           ||    30
       Kick              ||     6
       Punch             ||     1
 Cast: Sandblast         ||    26
  Use: Scroll            ||     1
       Potion            ||     1
 Stab: Sleeping          ||     1
Armor: Robe              ||     7
Dodge: Dodged            ||    29

Table legend: (Time is in decaauts)
 A = Elapsed time spent in this place.
 B = Non-inter-level travel time spent in this place.
 C = Inter-level travel time spent in this place.
 D = Time resting spent in this place.
 E = Time spent auto-exploring this place.
 F = Levels seen in this place.
 G = Mean time per level.
                   A        B        C        D        E       F      G
               +--------+--------+--------+--------+--------+-----+--------+
         Total |   1681 |   1661 |     20 |      0 |   1512 |   2 |  840.5 |
       Dungeon |   1681 |   1661 |     20 |      0 |   1512 |   2 |  840.5 |
               +--------+--------+--------+--------+--------+-----+--------+

Top non-repeatable levels by time:
     D:1: 1554 daAuts
     D:2: 126 daAuts
